 Dungeon Crawl Stone Soup version 0.30-a0-272-gf98c3da03f (webtiles) character file.

Game seed: 5145774581283794905

387 qw the Chopper (level 6, -1/39 HPs)
             Began as a Gargoyle Fighter on Oct 15, 2022.
             Slain by an orc
             ... wielding a +0 flail
              (2 damage)
             ... on level 4 of the Dungeon.
             The game lasted 00:01:03 (3247 turns).

qw the Chopper (Gargoyle Fighter)                   Turns: 3247, Time: 00:01:04

Health: -1/39      AC: 14    Str: 22    XL:     6   Next: 78%
Magic:  6/6        EV:  9    Int:  8    God:
Gold:   185        SH:  4    Dex:  9    Spells: 5/5 levels left

rFire   . . .      SeeInvis .    Y - +0 war axe
rCold   . . .      Faith    .    c - +0 buckler
rNeg    + . .      Spirit   .    b - +0 scale mail
rPois   inf        Reflect  .    a - +2 helmet
rElec   +          Harm     .    (no cloak)
rCorr   .          Rampage  .    (no gloves)
Will    .....                    (no boots)
Stlth   ..........               (no amulet)
HPRegen 0.26/turn                (no ring)
MPRegen 0.10/turn                (no ring)

@: no status effects
A: sickness immunity, AC +4, negative energy resistance 1, electricity
resistance, torment resistance 1, petrification resistance
a: no special abilities


You were on level 4 of the Dungeon.
You visited 1 branch of the dungeon, and saw 4 of its levels.

You collected 185 gold pieces.


Innate Abilities, Weirdness & Mutations

You are immune to sickness and miasma.
Your stone body is resilient. (AC +4)
You are immune to poison.
You resist negative energy. (rN+)
You are resistant to electric shocks. (rElec)
You are resistant to unholy torment.
You are immune to petrification.


   Skills:
 - Level 4.5 Fighting
 + Level 5.2 Axes
 - Level 1.0 Throwing
 - Level 3.2 Armour
 - Level 1.5 Dodging
 - Level 3.2 Shields


You had 5 spell levels left.
You didn't know any spells.
Your spell library was empty.

Inventory:

Hand Weapons
 n - the +7 whip of Famine {spect, Will+}
   (You found it on level 2 of the Dungeon)

   When its wielder attacks, the weapon's spirit leaps out and strikes again.
   The spirit shares a part of any damage it takes with its wielder.
   Will:      It increases your willpower.
 Y - a +0 war axe (weapon)
Missiles
 g - 3 boomerangs (quivered)
Armour
 a - a +2 helmet (worn)
 b - a +0 scale mail (worn)
 c - a +0 buckler (worn)
 h - a +0 chain mail
Scrolls
 e - 2 scrolls of identify
 l - a scroll of brand weapon {unknown}
 o - a scroll of teleportation
 p - a scroll of noise {unknown}
Potions
 d - 3 potions of might
 f - 3 potions of mutation
 i - a potion of heal wounds
 j - a potion of haste {unknown}
 k - a potion of lignification
 q - a potion of experience {unknown}

Dungeon Overview and Level Annotations

Branches:
Dungeon (4/15)
 Temple: D:4-7

Altars:
Fedhas
Gozag
Wu Jian
Xom
Zin


Message History

The orc shouts! x2; You hear a shout!
An orc priest comes into view. It is wielding a +0 club.
Found an escape hatch in the floor.
The orc wizard points at you and mumbles some strange words.
You are confused.
The orc completely misses you.
The orc priest calls down the wrath of Beogh upon you.
Beogh smites you! The orc attacks as you move away!
The orc hits you but does no damage. The orc wizard closely misses you.
You see here 12 gold pieces.
You closely miss the orc wizard. You barely miss the orc. You miss the orc.
The orc hits you but does no damage.
The orc wizard hits you but does no damage.
The orc attacks as you move away! The orc hits you with a +0 falchion.
The orc attacks as you move away! The orc hits you but does no damage.
You bump into the rock wall.
The orc closely misses you. The orc hits you but does no damage.
The orc wizard hits you but does no damage.
You feel less confused. The orc barely misses you.
You closely miss the orc priest. You hit the orc.
You hit the orc but do no damage. The orc hits you but does no damage.
The orc wizard mumbles some strange words.
The orc wizard flickers and vanishes!
Deactivating autopickup; reactivate with Ctrl-A.
The orc priest calls down the wrath of Beogh upon you.
Pain shoots through your body!
You barely miss the orc.
The orc is almost dead.
You closely miss the orc priest. You hit the orc.
You hit the orc but do no damage. The orc barely misses you.
The orc hits you but does no damage.
The orc priest invokes the aid of Beogh against you.
Beogh smites you! The orc closely misses you.
The orc hits you with a +0 war axe.
The orc priest hits you but does no damage.
The orc hits you with a +0 flail.
You die...

#.#.#####.#..#####
#####.#. #.#..#
......# #....#
####### #.#.##
.#####
#.#.#########
.....# .
#.....!..># .....#
## #.o.......#
....>+ +o{$......#
.....###
#o@o......#
.....'.#
#.........#
.....#.#
###########
.....#.# .....#.#
######.# #.# #.#
#.#


You could see an orc priest and 3 orcs.

Vanquished Creatures
  2 scorpions (D:4)
  2 jellies (D:4)
  An orc priest (D:3)
  An iguana (D:3)
  2 orc wizards
  3 adders
  2 dart slugs (D:1)
  11 orcs
  5 bats
  3 endoplasms
  3 giant cockroaches
  5 goblins
  6 hobgoblins
  5 quokkas
  7 ball pythons
  A frilled lizard (D:3)
  8 kobolds
  4 rats
71 creatures vanquished.

Vanquished Creatures (others)
  A plant (D:4)
1 creature vanquished.

Grand Total: 72 creatures vanquished

Notes
Turn   | Place    | Note
-------+----------+-------------------------------------------
     0 | D:1      | qw the Gargoyle Fighter began the quest for the Orb.
     0 | D:1      | Reached XP level 1. HP: 14/14 MP: 1/1
     0 | D:1      | 0 ||| qw: Version: 0.2-a-19-gadd0ef8
     0 | D:1      | 0 ||| qw: Game counter: 14
     0 | D:1      | 0 ||| qw: Always use a shield: true
     0 | D:1      | 0 ||| qw: God list: Okawaru
     0 | D:1      | 0 ||| qw: Allow faded altars: false
     0 | D:1      | 0 ||| qw: Do Orc after D:15 true
     0 | D:1      | 0 ||| qw: Do second Lair branch before Depths: true
     0 | D:1      | 0 ||| qw: Lair rune preference: random
     0 | D:1      | 0 ||| qw: Plans: Normal, Zot:1-4, God:TSO, Crypt, Tomb,
                  | Pan, Slime:5, Hells, Abyss, Orb
     0 | D:1      | 0 ||| PLANNING D:1-11
    35 | D:1      | 35 ||| Stepping ~*~*~tactically~*~*~ (stealth).
    36 | D:1      | 36 ||| Stepping ~*~*~tactically~*~*~ (stealth).
    38 | D:1      | 38 ||| Stepping ~*~*~tactically~*~*~ (stealth).
    40 | D:1      | 40 ||| Stepping ~*~*~tactically~*~*~ (stealth).
    50 | D:1      | Reached skill level 2 in Axes
   267 | D:1      | 267 ||| Stepping ~*~*~tactically~*~*~ (hiding).
   279 | D:1      | Reached XP level 2. HP: 19/19 MP: 2/2
   592 | D:1      | Reached skill level 3 in Axes
   642 | D:1      | 642 ||| DROPPING orb of mayhem.
   643 | D:1      | 643 ||| UPGRADING to +0 helmet.
   648 | D:1      | 648 ||| READING scroll labelled LELOMU PERCHIV.
   657 | D:2      | 657 ||| STAIRDANCE
   664 | D:2      | Reached XP level 3. HP: 23/23 MP: 3/3
   749 | D:2      | Found an ornate altar of the Wu Jian Council.
   762 | D:2      | Reached skill level 1 in Throwing
   768 | D:2      | 768 ||| Stepping ~*~*~tactically~*~*~ (stealth).
   837 | D:2      | 837 ||| DROPPING +0 mace.
  1210 | D:2      | Identified the +7 whip of Famine {spect, Will+}
  1212 | D:2      | 1212 ||| DROPPING +0 flail.
  1447 | D:2      | 1447 ||| Stepping ~*~*~tactically~*~*~ (stealth).
  1448 | D:2      | 1448 ||| Stepping ~*~*~tactically~*~*~ (stealth).
  1449 | D:2      | 1449 ||| Stepping ~*~*~tactically~*~*~ (stealth).
  1521 | D:2      | 1521 ||| READING scroll labelled SATHRE DUSUVINA.
  1522 | D:2      | 1522 ||| READING 2 scrolls labelled JEGUCREDUY.
  1523 | D:2      | 1523 ||| READING 2 scrolls labelled YWNUIK NEFFIET.
  1524 | D:2      | 1524 ||| DROPPING scroll of amnesia.
  1525 | D:2      | 1525 ||| DROPPING scroll of blinking.
  1694 | D:3      | Found a glowing silver altar of Zin.
  1710 | D:3      | Found a shimmering altar of Xom.
  1710 | D:3      | Noticed an angel
  1823 | D:3      | Reached XP level 4. HP: 11/28 MP: 4/4
  1929 | D:3      | Found an opulent altar of Gozag.
  2002 | D:3      | Reached skill level 4 in Axes
  2251 | D:3      | 2251 ||| Stepping ~*~*~tactically~*~*~ (stealth).
  2270 | D:3      | Reached XP level 5. HP: 26/32 MP: 5/5
  2272 | D:3      | HP: 8/32 [orc priest/+0 hand axe (4)]
  2273 | D:3      | 2273 ||| READING scroll of teleportation.
  2296 | D:3      | 2296 ||| FLEEEEING.
  2297 | D:3      | 2297 ||| FLEEEEING.
  2298 | D:3      | 2298 ||| FLEEEEING.
  2299 | D:3      | 2299 ||| FLEEEEING.
  2306 | D:3      | 2306 ||| FLEEEEING.
  2307 | D:3      | 2307 ||| FLEEEEING.
  2312 | D:3      | 2312 ||| FLEEEEING.
  2313 | D:3      | 2313 ||| FLEEEEING.
  2314 | D:3      | 2314 ||| FLEEEEING.
  2315 | D:3      | 2315 ||| STAIRDANCE
  2372 | D:2      | 2372 ||| UPGRADING to +2 helmet.
  2382 | D:2      | 2382 ||| DROPPING +0 helmet.
  2383 | D:2      | 2383 ||| DROPPING scarf of shadows.
  2384 | D:2      | 2384 ||| READING scroll labelled MUNIUMM DINIT.
  2385 | D:2      | 2385 ||| DRINKING 2 yellow potions.
  2386 | D:2      | 2386 ||| DRINKING 2 black potions.
  2434 | D:2      | 2434 ||| READING 2 scrolls of identify.
  2434 | D:2      | 2434 ||| IDENTIFYING coppery potion
  2659 | D:4      | Reached skill level 5 in Axes
  2744 | D:4      | Reached XP level 6. HP: 36/39 MP: 6/6
  2769 | D:4      | Found a blossoming altar of Fedhas.
  3062 | D:4      | Reached skill level 1 in Dodging
  3079 | D:4      | 3079 ||| Stepping ~*~*~tactically~*~*~ (stealth).
  3235 | D:4      | 3235 ||| Stepping ~*~*~tactically~*~*~ (stealth).
  3247 | D:4      | HP: 5/39 [orc priest/divine providence (12)]
  3247 | D:4      | HP: 1/39 [orc/+0 war axe (4)]
  3247 | D:4      | Slain by an orc

Levels and vault maps discovered:
D:1:      amcnicky_arrival_abandoned_market, layout_loops_cross
D:2:      layout_basic, basic_altar, serial_aquarium, aquarium_bridge_square
          [aquarium_subvault_wall, aquarium_subvault_wall,
          aquarium_subvault_wall, aquarium_subvault_bridge],
          aquarium_bridge_square [aquarium_subvault_balcony,
          aquarium_subvault_bridge, aquarium_subvault_window,
          aquarium_subvault_balcony], aquarium_window_corner, aquarium_window_1,
          aquarium_view_2e, aquarium_view_2e, aquarium_pool_2,
          grunt_ministairs_7
D:3:      layout_basic, grunt_temple_overflow_order_and_chaos_1,
          mainiacjoe_overflow_concentric_impassable
D:4:      layout_basic, fedhas_altar_1, uniq_pikel

Skill      XL: |  1  2  3  4  5  6 |
---------------+-------------------+-----
Axes           | 2 3 4 5 |  5.2
Throwing       | 1 |  1.0
Fighting       | 4 |  4.5
Dodging        | 1 |  1.5
Armour         | |  3.2
Shields        | |  3.2

Action                   |  1- 3 |  4- 6 || total
-------------------------+-------+-------++-------
Melee: War axe           |    83 |    65 ||   148
Throw: Javelin           |    26 |    23 ||    49
       Boomerang         |       |     7 ||     7
  Use: Scroll            |     4 |     3 ||     7
       Potion            |       |     2 ||     2
Armor: Scale mail        |    46 |    54 ||   100
Dodge: Dodged            |    41 |    34 ||    75
Block: Buckler           |    19 |    12 ||    31

Table legend:
 A = Non-vault XP
 B = Vault XP
 C = Vault XP percentage of total XP
 D = Non-vault monster count
 E = Vault monster count
 F = Vault count percentage of total count
                 A         B        C        D         E       F
            +---------+---------+-------+---------+---------+-------
      Total |     550 |       4 |   0.7 |      69 |       2 |   2.8
            +---------+---------+-------+---------+---------+-------
        D:1 |      30 |       2 |   6.2 |      15 |       1 |   6.2
        D:2 |      40 |       2 |   4.8 |      17 |       1 |   5.6
        D:3 |     141 |       0 |   0.0 |      18 |       0 |   0.0
        D:4 |     339 |       0 |   0.0 |      19 |       0 |   0.0
            +---------+---------+-------+---------+---------+-------
